 Dungeon Crawl Stone Soup version 0.31.0-11-ge490571c62 (webtiles) character file.

Game seed: 9060302065387875004

7562 hawla the Carver (level 10, 0/91 HPs)
             Began as a Minotaur Fighter on Feb 7, 2024.
             Was a Priest of Makhleb.
             Slain by an orc warrior
             ... wielding a +0 battleaxe
              (18 damage)
             ... on level 8 of the Dungeon.
             The game lasted 00:26:51 (8180 turns).

hawla the Carver (Minotaur Fighter)                 Turns: 8180, Time: 00:26:52

Health: 0/91       AC:  0    Str: 24    XL:     10   Next: 96%
Magic:  15/15      EV: 24    Int:  5    God:    Makhleb [***...]
Gold:   452        SH:  5    Dex: 20    Spells: 9/9 levels left

rFire   . . .        a - melded +1 long sword
rCold   . . .        B - melded +0 buckler "Gameth" {Slay+3}
rNeg    . . .        y - melded +0 plate armour
rPois   .            (helmet currently unavailable)
rElec   .            n - melded +1 cloak
rCorr   .            t - melded +0 pair of gloves
SInv    .            m - melded +1 pair of boots
Will    .....        l - amulet "Messo" {Reflect Str+4 SH+5}
Stlth   +            k - melded +6 ring of dexterity
HPRegen 0.35/turn    (ring currently unavailable)
MPRegen 0.14/turn

%: reflection
@: bat-form (expiring), silenced, flying, very quick
A: fast, flying, no casting, tiny, (horns 2), (retaliatory headbutt)
a: Renounce Religion


You were on level 8 of the Dungeon.
You worshipped Makhleb.
Makhleb was most pleased with you.
You were a bat.
You visited 1 branch of the dungeon, and saw 8 of its levels.
You also visited: Sewer and Ossuary.

You collected 1744 gold pieces.
You spent 1292 gold pieces at shops.

Inventory:

Hand Weapons
 a - a +1 long sword (melded)
Missiles
 h - 15 poisoned darts (quivered)
Armour
 m - a +1 pair of boots (melded)
 n - a +1 cloak (melded)
 t - a +0 pair of gloves (melded)
 y - a +0 plate armour (melded)
 B - the +0 buckler "Gameth" (melded) {Slay+3}
   (You found it on level 6 of the Dungeon)

   Slay+3:    It affects your accuracy & damage with ranged weapons and melee
   (+3).
Jewellery
 k - a +6 ring of dexterity (melded)
 l - the amulet "Messo" (around neck) {Reflect Str+4 SH+5}
   (You found it on level 3 of the Dungeon)

   [amulet of reflection]

   Reflect:   It reflects blocked missile attacks.
   Str+4:     It affects your strength (+4).
   SH+5:      It affects your SH (+5).
 D - a ring of flight
 E - a ring of magical power
 F - a ring of poison resistance
Wands
 f - a wand of charming (10)
 g - a wand of flame (10)
 v - a wand of light (14)
 C - a wand of iceblast (6)
Scrolls
 e - 4 scrolls of fog
 j - 6 scrolls of teleportation
 r - 3 scrolls of vulnerability
 w - 3 scrolls of identify
Potions
 b - 4 potions of haste
 d - 3 potions of might
 i - 2 potions of lignification
 o - 3 potions of attraction
 p - 2 potions of enlightenment
 q - a potion of invisibility
 s - 2 potions of resistance
 z - a potion of brilliance {unknown}
 A - 3 potions of curing
Miscellaneous
 G - a phial of floods


   Skills:
 - Level 9.2 Fighting
 - Level 4.4(7.2) Short Blades
 + Level 9.8(10.3) Long Blades
 - Level 6.0 Throwing
 + Level 4.1 Armour
 - Level 6.0 Dodging
 - Level 5.0 Shields
 - Level 8.0 Invocations
 - Level 3.0 Evocations


You had 9 spell levels left.
You didn't know any spells.
Your spell library was empty.

Dungeon Overview and Level Annotations

Branches:
Dungeon (8/15)             Temple (0/1) D:5           Sewer (visited)
Ossuary (visited)
   Lair: D:8-11

Altars:
Cheibriados
Dithmenos
Fedhas
Makhleb
Nemelex Xobeh
Okawaru
Qazlal
Ru
Vehumet
Wu Jian
Yredelemnul
The Shining One

Shops:
D:3 (   D:8 !!*


Innate Abilities, Weirdness & Mutations

You are a bat.
You are tiny and dextrous.
You move quickly.
You are flying.
Your equipment is almost entirely melded.
You are incapable of wielding weapons or throwing items.
You cannot cast spells.
((You have a pair of horns on your head.))
((You reflexively headbutt those who attack you in melee.))


Message History

The orc priest mumbles some strange prayers to Beogh against you.
Beogh smites you!
The orc warrior hits you with a +0 battleaxe!
You hit the orc priest.
The orc priest is heavily wounded.
The orc priest hits you with a +0 club.
The orc warrior hits you with a +0 battleaxe!
You hit the orc priest.
The orc priest is heavily wounded.
The orc priest completely misses you.
The orc warrior hits you with a +0 battleaxe!
* * * LOW HITPOINT WARNING * * *
You feel much better.
Your transformation is almost over.
The orc priest miscasts a cantrip.
The orc warrior misses you.
As you read the scroll of silence, it crumbles to dust.
A profound silence engulfs you. The ice beast barely misses you.
The orc priest closely misses you. The orc warrior completely misses you.
You hit the orc priest but do no damage.
The orc priest is heavily wounded.
The ice beast misses you. The orc warrior completely misses you.
The orc priest misses you.
You barely miss the orc priest.
The orc priest is heavily wounded.
You hit the orc priest.
The orc priest is severely wounded.
The orc priest completely misses you. The ice beast hits you.
The ice beast freezes you. The orc warrior closely misses you.
You barely miss the orc priest.
The orc priest is severely wounded.
The ice beast misses you. The orc priest hits you with a +0 club.
The orc warrior hits you with a +0 battleaxe!
* * * LOW HITPOINT WARNING * * *
You hit the orc priest but do no damage.
The orc priest is severely wounded.
The ice beast completely misses you. The orc priest hits you with a +0 club.
* * * LOW HITPOINT WARNING * * *
The orc warrior hits you with a +0 battleaxe!!
You die...

##............
#.............
##............
###..###.###...
#...##.....##..
##..##..#.#..##. ##
#####..##..##.##..## ##.
##......#..#.....#..#
#...#..ob..D#.##.....##)#
#...#..oY.#..............
#....###.#.##.....##.# ##
##..####.#..#.....#..#
#...#...##...##..##.##..##
#....>....#..##..#.#..###
#...##...<##..##.....###.
#..###.........###.####.#
#.. #.......##.##.#.##. #


You could see a steam dragon (unsilenced), an orc warrior, an ice beast and an
orc priest.

Vanquished Creatures
  A boulder beetle (D:8)
  A centaur warrior (D:8)
  A two-headed ogre (D:8)
  A manticore (D:8)
  Joseph (D:7)
  The ghost of Vila42 the Cleaver, a novice HOMo (D:5)
  Jeremiah (D:6)
  A tengu conjurer (D:8)
  A hornet (D:8)
  A hornet (shapeshifter) (D:8)
  A wyvern (D:8)
  A yak (D:8)
  An orc warrior (D:8)
  A sky beast (D:7)
  3 ogres
  2 black bears
  2 ice beasts (D:8)
  5 centaurs
  The ghost of zenocrate the Sneak, an amateur KoDe (D:5)
  2 phantoms
  A kobold brigand (D:8)
  A gnoll sergeant (D:8)
  6 bullfrogs
  6 scorpions
  2 wights
  A howler monkey (D:8)
  A centaur zombie (D:5)
  A bullfrog zombie (D:5)
  2 jellies (D:8)
  7 orc priests
  A hound (D:7)
  2 human zombies (Ossuary)
  Crazy Yiuf (D:3)
  A centaur skeleton (D:5)
  A sleepcap (D:6)
  Ijyb (D:5)
  3 orc wizards
  5 scorpion zombies
  A hell rat (Sewer)
  3 mummies (Ossuary)
  13 adders
  9 gnolls
  2 river rats (Sewer)
  2 white imps
  4 ufetubi
  2 adder zombies (Ossuary)
  2 ribbon worms
  4 dart slugs
  15 orcs
  7 endoplasms
  5 giant cockroaches
  4 gnoll zombies (Ossuary)
  8 goblins
  9 hobgoblins
  8 jackals
  4 quokkas
  8 ball pythons
  6 bats
  9 frilled lizards
  A jackal zombie (Ossuary)
  8 kobolds
  4 kobold zombies (Ossuary)
  13 rats
223 creatures vanquished.

Notes
Turn   | Place    | Note
-------+----------+-------------------------------------------
     0 | D:1      | hawla the Minotaur Fighter began the quest for the Orb.
     0 | D:1      | Reached XP level 1. HP: 19/19 MP: 0/0
    68 | D:1      | Reached XP level 2. HP: 20/26 MP: 1/1
   114 | D:1      | You fall into a shaft and drop 1 floor!
   308 | D:1      | Reached skill level 5 in Shields
   411 | D:1      | Reached XP level 3. HP: 24/31 MP: 2/2
   473 | D:1      | Reached skill level 1 in Dodging
   898 | D:2      | Reached XP level 4. HP: 38/39 MP: 3/3
  1093 | D:2      | Found Plog's Magic Scroll Boutique.
  1100 | D:2      | Bought a scroll of teleportation for 36 gold pieces
  1100 | D:2      | Bought 2 scrolls of identify for 48 gold pieces
  1218 | D:3      | Identified the amulet "Messo" {Reflect Str+4 SH+5}
  1368 | D:3      | Found Ziropnat's Weapon Shoppe.
  1495 | D:3      | Found a glowing drain.
  1499 | Sewer    | Entered a sewer
  1516 | Sewer    | Reached XP level 5. HP: 45/45 MP: 4/4
  1803 | D:3      | Found an iron altar of Okawaru.
  1889 | D:3      | Reached skill level 5 in Dodging
  2263 | D:3      | Found a burning altar of Makhleb.
  2263 | D:3      | Found a sparkling altar of Nemelex Xobeh.
  2267 | D:3      | Became a worshipper of Makhleb the Destroyer
  2331 | D:3      | Found a runed translucent door.
  2332 | D:3      | Noticed Crazy Yiuf
  2628 | D:3      | Paralysed by Crazy Yiuf for 1 turns
  2630 | D:3      | Killed Crazy Yiuf
  2850 | D:4      | Found a sacrificial altar of Ru.
  2991 | D:4      | Reached XP level 6. HP: 51/51 MP: 5/5
  3201 | D:4      | Identified the +1 robe of Eternal Vigilance {Fly rF+ Dex-4}
  3221 | D:4      | Found a radiant altar of Vehumet.
  3568 | D:5      | Entered Level 5 of the Dungeon
  3570 | D:5      | Found a transporter.
  3576 | D:5      | Noticed Vila42's ghost (novice HOMo)
  3632 | D:5      | Found a staircase to the Ecumenical Temple.
  3675 | D:5      | Noticed Ijyb
  3716 | D:5      | Killed Ijyb
  3737 | D:5      | Found a glowing golden altar of the Shining One.
  3753 | D:5      | Reached skill level 5 in Long Blades
  3753 | D:5      | Reached XP level 7. HP: 57/57 MP: 6/6
  3787 | D:5      | Found a transporter.
  4028 | D:5      | Found a runed translucent gate.
  4028 | D:5      | Found a runed translucent gate.
  4028 | D:5      | Found a runed translucent gate.
  4028 | D:5      | Noticed zenocrate's ghost (amateur KoDe)
  4030 | D:5      | Found a basalt altar of Yredelemnul.
  4037 | D:5      | Reached skill level 1 in Evocations
  4285 | D:5      | Found a blossoming altar of Fedhas.
  4362 | D:5      | Found an ornate altar of the Wu Jian Council.
  4658 | D:6      | Found a sand-covered staircase.
  4671 | Ossuary  | Entered an ossuary
  4712 | Ossuary  | Reached * piety under Makhleb
  4781 | Ossuary  | Reached XP level 8. HP: 61/64 MP: 7/7
  4895 | D:6      | Identified a scroll of acquirement
  4895 | D:6      | Acquired 1274 gold pieces
  5075 | D:2      | Bought a scroll of identify for 24 gold pieces
  5075 | D:2      | Bought a scroll of identify for 24 gold pieces
  5075 | D:2      | Bought a scroll of identify for 24 gold pieces
  5075 | D:2      | Bought a scroll of identify for 24 gold pieces
  5075 | D:2      | Bought a scroll of silence for 114 gold pieces
  5193 | D:6      | Reached skill level 1 in Short Blades
  5251 | D:6      | Noticed Jeremiah
  5443 | D:5      | Killed Vila42's ghost
  5443 | D:5      | Reached ** piety under Makhleb
  5562 | D:5      | Killed zenocrate's ghost
  5563 | D:5      | Reached skill level 1 in Throwing
  5603 | D:6      | Killed Jeremiah
  5604 | D:6      | Reached XP level 9. HP: 70/70 MP: 8/8
  6052 | D:6      | Identified the +0 buckler "Gameth" {Slay+3}
  6738 | D:7      | Noticed Joseph
  6748 | D:7      | Killed Joseph
  6749 | D:7      | Reached skill level 5 in Throwing
  6879 | D:7      | Reached skill level 1 in Invocations
  7173 | D:7      | Reached skill level 5 in Fighting
  7227 | D:8      | Found Hemyp's Assorted Antiques.
  7266 | D:8      | Bought a potion of haste for 270 gold pieces
  7266 | D:8      | Bought a fizzy silvery potion for 24 gold pieces
  7341 | D:8      | Noticed a two-headed ogre
  7353 | D:8      | Killed a two-headed ogre
  7354 | D:8      | Reached XP level 10. HP: 21/84 MP: 10/12
  7382 | D:8      | Reached skill level 5 in Invocations
  7454 | D:8      | Identified the +1 robe "Vimyntusonk" {Str+2}
  7574 | D:8      | Noticed a manticore
  7583 | D:8      | Killed a manticore
  7598 | D:8      | Noticed a centaur warrior
  7601 | D:8      | Killed a centaur warrior
  7744 | D:8      | Noticed a boulder beetle
  7745 | D:8      | Reached *** piety under Makhleb
  7760 | D:8      | Killed a boulder beetle
  7910 | D:8      | Found Feafyo's Distillery.
  7947 | D:8      | Found a stormy altar of Qazlal.
  7947 | D:8      | Noticed a two-headed ogre
  7949 | D:8      | Found a shadowy altar of Dithmenos.
  7963 | D:8      | Found a snail-covered altar of Cheibriados.
  7964 | D:8      | Found Iplic's Distillery.
  8122 | D:8      | Bought a potion of heal wounds for 80 gold pieces
  8122 | D:8      | Bought a potion of resistance for 160 gold pieces
  8122 | D:8      | Bought a potion of haste for 160 gold pieces
  8122 | D:8      | Bought a potion of curing for 48 gold pieces
  8122 | D:8      | Bought a potion of lignification for 48 gold pieces
  8122 | D:8      | Bought a potion of curing for 48 gold pieces
  8122 | D:8      | Bought a potion of resistance for 160 gold pieces
  8180 | D:8      | Slain by an orc warrior

Illustrated notes

Levels and vault maps discovered:
D:1:      psy_arrival_conway, layout_basic
D:2:      layout_rooms, serial_shops, shop, minmay_split_cup_small
D:3:      layout_rooms, okawaru_trees_2, gammafunk_temple_overflow_wave,
          serial_shops, nicolae_shop_trees, serial_forest,
          infiniplex_forest_clump_tiny, infiniplex_forest_clump_double,
          infiniplex_forest_lined_ring, infiniplex_forest_clump_long,
          infiniplex_forest_lined_2, infiniplex_forest_end_2,
          infiniplex_forest_end_double, infiniplex_forest_clump_double,
          infiniplex_forest_straight_3, infiniplex_forest_straight_5,
          gup_sewer_entry_spiral, minmay_checkerbox, uniq_crazy_yiuf_cottage
D:4:      layout_loops_ring, nicolae_vehumet_radiance, amcnicky_altar_gilded
D:5:      layout_loops_ring, lemuel_coloured_pillars_altar,
          nicolae_yredelemnul_ghost_church, marbit_many_paths,
          mainiacjoe_overflow_brackets, minmay_temple_entry_drinking_statues,
          gammafunk_ghost_mausoleum, uniq_ijyb
D:6:      layout_layer_cave, enter_ossuary_1, nicolae_zig_zag_zippers,
          uniq_jeremiah
D:7:      layout_loops_ring, uniq_joseph
D:8:      minmay_the_grid_octo_tiled_octocenter [minmay_the_grid_octo_shrine,
          minmay_the_grid_octo_horde, minmay_the_grid_octo_thin_diamonds,
          minmay_the_grid_octo_odd_swirl,
          minmay_the_grid_octo_prize_square_snowflake,
          minmay_the_grid_square_5x5_c, minmay_the_grid_square_5x5_lines,
          minmay_the_grid_square_5x5_pentomino_r,
          minmay_the_grid_square_5x5_mess], layout_cave_pools, serial_shops,
          nicolae_shop_tiny_waterfront, nicolae_shop_tiny_real_fake_doors,
          nicolae_shop_tiny_waterfront, nicolae_square_shop,
          amcnicky_mini_pool_medium

Skill      XL: |  1  2  3  4  5  6  7  8  9 10 |
---------------+-------------------------------+-----
Shields        | 4 5 |  5.0
Dodging        | 2 4 5 6 |  6.0
Long Blades    | 5 7 9 |  9.8
Evocations     | 3 |  3.0
Short Blades   | 4 |  4.4
Throwing       | 3 6 |  6.0
Fighting       | 6 9 |  9.2
Invocations    | 4 8 |  8.0
Armour         | 4 |  4.1

Action                     |  1- 3 |  4- 6 |  7- 9 | 10-12 || total
---------------------------+-------+-------+-------+-------++-------
  Melee: Long sword        |    98 |   217 |   308 |    83 ||   706
         Headbutt          |     9 |    34 |    79 |    25 ||   147
         Unarmed           |       |       |       |    21 ||    21
  Throw: Dart              |       |    13 |     3 |    12 ||    28
  Evoke: Wand              |       |       |     2 |    11 ||    13
    Use: Scroll            |     3 |     9 |    13 |     4 ||    29
         Potion            |       |     1 |     1 |     2 ||     4
   Stab: Invisible         |       |       |     1 |     1 ||     2
 Armour: Scale mail        |    89 |    71 |       |       ||   160
         Chain mail        |       |    48 |    24 |       ||    72
         Plate armour      |       |       |   171 |    51 ||   222
         Skin              |       |       |       |    12 ||    12
  Dodge: Dodged            |    50 |   104 |    93 |    47 ||   294
  Block: Buckler           |    18 |   127 |   235 |    41 ||   421
         Reflection        |       |     1 |     4 |    10 ||    15
         Other             |       |       |       |     1 ||     1
